 Dungeon Crawl Stone Soup version 0.32-a0-377-g951292165a (webtiles) character file.

Game seed: 2270991858855032363

17044 Revguard the Fighter (level 12, -12/133 HPs)
             Began as a Coglin Berserker on Feb 19, 2024.
             Was a High Priest of Trog.
             Shot with an arrow by Nessos (15 damage)
             ... on level 12 of the Dungeon.
             The game lasted 00:19:00 (9875 turns).

Revguard the Fighter (Coglin Berserker)             Turns: 9875, Time: 00:19:01

Health: -12/133    AC: 23    Str: 19 (20) XL:     12   Next: 43%
Magic:  12/12      EV:  9    Int: 10      God:    Trog [*****.]
Gold:   431        SH:  0    Dex: 15      Spells: 11/11 levels left

rFire   . . .        c - +0 war axe {Eitaro}
rCold   . . .        b - +0 war axe {Lars}
rNeg    . . .        e - +8 plate armour of Pehoxell {Rampage}
rPois   .            (no helmet)
rElec   .            (no cloak)
rCorr   .            k - +0 pair of gloves
SInv    .            (no boots)
Will    +++..        (no amulet) Stlth
                     o - +4 ring of slaying
HPRegen 1.42/turn    y - ring of willpower
MPRegen 0.13/turn

%: rampage
@: berserking (expiring), lethally poisoned (-12 -> -25), strong-willed,
regenerating, revved, very quick
A: off-hand wielding, slow wielding, warmup strikes, warmup strides, clever 1,
deterioration 1, frail 1, inability to drink after injury 1
a: Renounce Religion, Berserk, Trog's Hand, Brothers in Arms


You were on level 12 of the Dungeon.
You worshipped Trog.
Trog was extremely pleased with you.
You visited 1 branch of the dungeon, and saw 12 of its levels.

You collected 516 gold pieces.
You spent 85 gold pieces at shops.

Inventory:

Hand Weapons
 b - a +0 war axe (worn) {Lars}
 c - a +0 war axe (weapon) {Eitaro}
Missiles
 s - 2 throwing nets
Armour
 e - the +8 plate armour of Pehoxell (worn) {Rampage}
   (You found it on level 11 of the Dungeon)

   Rampage:   It bestows one free step when moving towards enemies.
 i - a +0 chain mail
 k - a +0 pair of gloves (worn)
Jewellery
 o - a +4 ring of slaying (left grasper)
 y - a ring of willpower (right grasper)
Wands
 m - a wand of paralysis (4)
 q - a wand of flame (48) (quivered)
 x - a wand of mindburst (8)
 z - a wand of iceblast (9)
Scrolls
 a - a scroll of vulnerability
 d - 2 scrolls of amnesia
 f - a scroll of identify
 j - a scroll of fear
 l - 2 scrolls of poison
 n - 3 scrolls of teleportation
 r - a scroll of blinking
Potions
 g - 6 potions of curing
 p - 3 potions of attraction
 v - 3 potions of haste
 w - 3 potions of heal wounds


   Skills:
 * Level 10.6 Fighting
 * Level 10.6 Axes
 * Level 9.5 Armour
 + Level 6.9 Dodging
 + Level 9.0 Evocations


You had 11 spell levels left.
You didn't know any spells.
Your spell library was empty.

Dungeon Overview and Level Annotations

Branches:
Dungeon (12/15)            Temple (0/1) D:7            Lair (0/5) D:9
    Orc (0/2) D:11

Altars:
Fedhas
Hepliaklqana
Qazlal
Uskayaw
Wu Jian
Xom
Yredelemnul
Zin
Jiyva

Shops:
D:1 (   D:6 :   D:7 =   D:9 !

Annotations:
D:12 Erolcha, Nessos


Innate Abilities, Weirdness & Mutations

You can wield a second weapon in your off-hand.
It takes a long time for you to wield or remove held weapons.
Your first few attacks do less damage.
Your first movements take longer.
Your mind is acute. (Int +4, Str/Dex -1)
Your body sometimes deteriorates upon taking damage.
You are frail. (-10% HP)
You occasionally lose the ability to drink potions when taking damage.


Message History

You kill the gnoll!
Trog accepts your kill.
You feel sick.
Nessos wields a +1 longbow of flaming.
It bursts into flame!
Nessos shoots an arrow.
The arrow completely misses you.
You rampage towards the acid dragon!
You feel sick.
Nessos shoots an arrow.
The arrow hits you!! The arrow burns you!
You are more poisoned.
You rampage towards the acid dragon!
You barely miss the acid dragon with your +0 war axe.
You closely miss the acid dragon with your +0 war axe.
You feel very sick.
Nessos shoots an arrow.
The arrow hits you!
* * * LOW HITPOINT WARNING * * *
The arrow burns you.
* * * LOW HITPOINT WARNING * * *
The acid dragon closely misses you.
The acid dragon claws you but does no damage.
You slash the acid dragon with your +0 war axe!
The acid dragon is severely wounded.
You slash the gnoll with your +0 war axe!
You kill the gnoll!
Trog accepts your kill.
You slash the acid dragon with your +0 war axe!
You kill the acid dragon!
Trog accepts your kill.
You feel very sick.
Nessos shoots an arrow.
The arrow hits you!
* * * LOW HITPOINT WARNING * * *
The arrow burns you.
* * * LOW HITPOINT WARNING * * *
* * * LOW HITPOINT WARNING * * *
You feel extremely sick.
Nessos gestures wildly while chanting.
Nessos blinks!
Nessos shoots an arrow.
The arrow hits you.
* * * LOW HITPOINT WARNING * * *
The arrow burns you.
You are more poisoned.
* * * LOW HITPOINT WARNING * * *
Nessos shoots an arrow.
The arrow hits you!
You die...

#. #...###......
#.####.##.........
##..........##.....
#..<###.###........
#c#g†...##.........
#.#).##............
.#####.#.###............
........................
.##[...@.#..............
.##.#........#..........
......§#................
..........####..........
.#.................#####
.............§...
.................
.............####
....y..y.$...#


You could see Nessos (fast) and a gnoll sergeant.

Vanquished Creatures
  4 two-headed ogres
  Pikel (D:4)
  3 gargoyles
  A komodo dragon (D:11)
  Psyche (D:7)
  3 trolls
  A hornet (D:9)
  Grinder (D:3)
  Prince Ribbit (D:6)
  A slime creature (D:11)
  Sigmund (D:2)
  6 humans (D:7)
  3 shadows (D:11)
  2 wraiths
  26 yaks
  4 wyverns (D:9)
  Menkaure (D:6)
  6 vampire mosquitoes
  Duvessa (D:6)
  3 acid dragons
  A water moccasin (D:8)
  3 orc warriors
  A sky beast (D:8)
  2 black bears
  An ice beast (D:7)
  3 wolves (D:9)
  4 centaurs
  2 kobold brigands
  2 phantoms
  A gnoll sergeant (D:9)
  2 bullfrogs
  A scorpion (D:9)
  Dowan (D:6)
  5 killer bees (D:9)
  2 troll zombies (D:11)
  3 howler monkeys
  6 jellies
  11 hounds
  5 orc priests
  3 bombardier beetles (D:5)
  A gnoll bouda (D:8)
  Jessica (D:2)
  4 iguanas
  Natasha (twice) (D:2)
  11 orc wizards
  6 ogre zombies (D:11)
  14 gnolls
  7 adders
  A shadow imp (D:5)
  A white imp (D:6)
  2 ufetubi (D:7)
  4 ribbon worms
  3 dart slugs
  35 orcs
  5 endoplasms
  2 giant cockroaches
  3 goblins
  8 hobgoblins
  4 jackals
  A quokka (D:4)
  9 ball pythons
  4 bats
  A frilled lizard (D:2)
  5 gnoll skeletons (D:11)
  A gnoll zombie (D:11)
  15 kobolds
  5 orc skeletons (D:11)
  14 orc zombies (D:11)
  7 rats
305 creatures vanquished.

Vanquished Creatures (others)
  A jackal (D:7)
1 creature vanquished.

Grand Total: 306 creatures vanquished

Notes
Turn   | Place    | Note
-------+----------+-------------------------------------------
     0 | D:1      | Revguard the Coglin Berserker began the quest for the Orb.
     0 | D:1      | Reached XP level 1. HP: 18/18 MP: 1/1
    24 | D:1      | Found Laqo Nae's Weapon Shop.
    90 | D:1      | Reached XP level 2. HP: 22/24 MP: 2/2
   643 | D:2      | Reached XP level 3. HP: 29/29 MP: 3/3
   658 | D:2      | Reached skill level 1 in Evocations
   694 | D:2      | Noticed Sigmund
   700 | D:2      | Killed Sigmund
   701 | D:2      | Reached XP level 4. HP: 19/37 MP: 4/4
   701 | D:2      | Reached XP level 5. HP: 22/42 MP: 5/5
   898 | D:2      | Reached XP level 6. HP: 48/48 MP: 6/6
   966 | D:2      | Noticed Jessica
   973 | D:2      | Killed Jessica
  1256 | D:2      | Noticed Natasha
  1260 | D:2      | Killed Natasha
  1433 | D:2      | Noticed Natasha
  1437 | D:2      | Killed Natasha
  1437 | D:2      | Reached ** piety under Trog
  1456 | D:3      | Noticed Grinder
  1466 | D:3      | Killed Grinder
  1467 | D:3      | Reached XP level 7. HP: 55/55 MP: 7/7
  1715 | D:3      | Reached skill level 5 in Fighting
  1789 | D:3      | Reached skill level 5 in Axes
  1823 | D:3      | Found a stormy altar of Qazlal.
  1840 | D:3      | Found a shimmering altar of Xom.
  1856 | D:3      | Found a glowing silver altar of Zin.
  2168 | D:3      | Found a basalt altar of Yredelemnul.
  2472 | D:4      | Noticed Pikel
  2476 | D:4      | Killed Pikel
  2477 | D:4      | Reached XP level 8. HP: 64/64 MP: 8/8
  2616 | D:4      | You fall into a shaft and drop 1 floor!
  2616 | D:5      | Entered Level 5 of the Dungeon
  2717 | D:5      | Reached skill level 5 in Armour
  3645 | D:6      | Found a blossoming altar of Fedhas.
  3651 | D:6      | Reached *** piety under Trog
  3656 | D:6      | Reached XP level 9. HP: 69/69 MP: 9/9
  3695 | D:6      | Noticed Duvessa
  3695 | D:6      | Noticed Dowan
  3702 | D:6      | Killed Duvessa
  3709 | D:6      | Killed Dowan
  3710 | D:6      | Reached skill level 5 in Evocations
  4146 | D:6      | Noticed Menkaure
  4158 | D:6      | Killed Menkaure
  4235 | D:6      | Noticed Prince Ribbit
  4242 | D:6      | Killed Prince Ribbit
  4305 | D:6      | Found Zuusats's Book Emporium.
  4308 | D:6      | Noticed a gargoyle
  4319 | D:6      | Killed a gargoyle
  4811 | D:7      | Noticed Psyche
  4825 | D:7      | Reached XP level 10. HP: 79/79 MP: 10/10
  4849 | D:7      | Reached skill level 5 in Dodging
  4855 | D:7      | Killed Psyche
  5146 | D:7      | Found a staircase to the Ecumenical Temple.
  5590 | D:7      | Found Jaoselaz's Jewellery Shoppe.
  5906 | D:8      | Noticed a two-headed ogre
  5914 | D:8      | Killed a two-headed ogre
  6220 | D:8      | Reached **** piety under Trog
  6221 | D:8      | Reached XP level 11. HP: 48/87 MP: 11/11
  6439 | D:8      | Found an ornate altar of the Wu Jian Council.
  6607 | D:8      | Found a hazy altar of Hepliaklqana.
  6795 | D:9      | Found a staircase to the Lair.
  6795 | D:9      | Noticed a two-headed ogre
  6806 | D:9      | Killed a two-headed ogre
  7032 | D:9      | Found a hide-covered altar of Uskayaw.
  7417 | D:9      | Found Bonur's Distillery.
  7426 | D:9      | Bought a potion of heal wounds for 85 gold pieces
  7830 | D:10     | Entered Level 10 of the Dungeon
  8030 | D:10     | Noticed a two-headed ogre
  8037 | D:10     | Killed a two-headed ogre
  8395 | D:10     | Reached skill level 10 in Fighting
  8395 | D:10     | Reached skill level 10 in Axes
  8397 | D:10     | Gained mutation: Your mind is acute. (Int +4, Str/Dex -1)
                  | [potion of mutation]
  8397 | D:10     | Gained mutation: You have hidden genetic defects. [potion
                  | of mutation]
  8397 | D:10     | Gained mutation: You expend magic power (3 MP) to
                  | strengthen your wands. [potion of mutation]
  8397 | D:10     | Gained mutation: You have a pair of small antennae on your
                  | head. [potion of mutation]
  8398 | D:10     | Lost mutation: You expend magic power (3 MP) to strengthen
                  | your wands. [potion of mutation]
  8398 | D:10     | Lost mutation: You have a pair of small antennae on your
                  | head. [potion of mutation]
  8398 | D:10     | Gained mutation: Your body sometimes deteriorates upon
                  | taking damage. [potion of mutation]
  8664 | D:10     | Identified the +4 hand axe "Vovu" {freeze, Dex+4}
  8800 | D:10     | Noticed a two-headed ogre
  8806 | D:10     | Killed a two-headed ogre
  8807 | D:10     | Reached XP level 12. HP: 77/97 MP: 12/12
  8922 | D:11     | Found a staircase to the Orcish Mines.
  8949 | D:11     | Reached ***** piety under Trog
  8956 | D:11     | Gained mutation: You are frail. (-10% HP) [hidden defects]
  8978 | D:11     | Identified the +8 plate armour of Pehoxell {Rampage}
  9135 | D:11     | Found a viscous altar of Jiyva.
  9699 | D:12     | Identified the +1 ring mail of Xaogavag {Int+4}
  9732 | D:12     | Noticed Nessos
  9734 | D:12     | Noticed Erolcha
  9870 | D:12     | Gained mutation: You occasionally lose the ability to drink
                  | potions when taking damage. [hidden defects]
  9870 | D:12     | Lost mutation: You have hidden genetic defects. [hidden
                  | defects expressed]
  9875 | D:12     | HP: 4/133 [Nessos/arrow (3)]
  9875 | D:12     | Shot with an arrow by Nessos

Illustrated notes

Levels and vault maps discovered:
D:1:      nzn_arrival_crosshair, layout_basic, serial_shops,
          nicolae_shop_bloodbath_and_beyond, minmay_pentomino_o2
D:2:      layout_loops_cross, kennysheep_generic_room_6, uniq_sigmund,
          uniq_jessica, uniq_natasha
D:3:      layout_basic, nicolae_overflow_quartered_altars, solitary_fountain,
          uniq_grinder
D:4:      cheibrodos_old_hovel, layout_rooms, abandoned_shop, uniq_pikel
D:5:      layout_basic, kennysheep_another_room, grunt_ministairs_10
D:6:      layout_basic, mainiacjoe_overflow_alcove_1, serial_shops, shop,
          uniq_prince_ribbit1, uniq_menkaure, uniq_duvessa
D:7:      erik_cavepeople, layout_basic, minmay_temple_entry_antechambers,
          serial_shops, nicolae_shop_behind_doors, minmay_misc_feat_x
D:8:      layout_rooms, nicolae_wu_jian_wuxing_cycle,
          mainiacjoe_overflow_24_doors
D:9:      layout_roguey, lemuel_crystal_altar, minmay_lair_entry_grove,
          serial_shops, shop
D:10:     layout_basic
D:11:     layout_basic, zombieorc2_lemuel, jiyva_altar_1
D:12:     layout_rooms, uniq_nessos, uniq_josephine, uniq_erolcha

Skill      XL: |  1  2  3  4  5  6  7  8  9 10 11 12 |
---------------+-------------------------------------+-----
Armour         | 2 3 4 5 6 7 9 |  9.5
Dodging        | 2 3 4 5 6 |  6.9
Evocations     | 2 3 4 6 7 8 9 |  9.0
Fighting       | 4 5 6 7 8 10 | 10.6
Axes           | 4 5 6 7 8 10 | 10.6

Action                     |  1- 3 |  4- 6 |  7- 9 | 10-12 || total
---------------------------+-------+-------+-------+-------++-------
  Melee: Hand axe          |    54 |    59 |    93 |       ||   206
         Morningstar       |       |       |   123 |    64 ||   187
         War axe           |       |       |    80 |   393 ||   473
 Invoke: Berserk           |     1 |     1 |     6 |     5 ||    13
         Trog's Hand       |       |     1 |     6 |     7 ||    14
  Evoke: Wand              |       |       |       |     4 ||     4
    Use: Potion            |       |     2 |     1 |     7 ||    10
         Scroll            |       |    12 |     5 |     2 ||    19
 Armour: Animal skin       |    17 |    10 |       |       ||    27
         Ring mail         |       |     8 |    37 |       ||    45
         Chain mail        |       |       |   129 |   279 ||   408
         Skin              |       |       |       |    14 ||    14
         Plate armour      |       |       |       |    76 ||    76
  Dodge: Dodged            |    22 |    22 |    92 |   225 ||   361

Table legend: (Time is in decaauts)
 A = Elapsed time spent in this place.
 B = Non-inter-level travel time spent in this place.
 C = Inter-level travel time spent in this place.
 D = Time resting spent in this place.
 E = Time spent auto-exploring this place.
 F = Levels seen in this place.
 G = Mean time per level.
                   A        B        C        D        E       F      G
               +--------+--------+--------+--------+--------+-----+--------+
         Total |  10379 |  10124 |    255 |    698 |   7636 |  12 |  864.9 |
       Dungeon |  10379 |  10124 |    255 |    698 |   7636 |  12 |  864.9 |
               +--------+--------+--------+--------+--------+-----+--------+

Top non-repeatable levels by time:
     D:7: 1289 daAuts
     D:9: 1143 daAuts
     D:6: 1116 daAuts
    D:10: 1102 daAuts
     D:3: 1066 daAuts
    D:11: 906 daAuts
     D:8: 883 daAuts
     D:2: 878 daAuts
     D:5: 813 daAuts
     D:1: 672 daAuts
     D:4: 421 daAuts
    D:12: 84 daAuts
